 Dungeon Crawl Stone Soup version 0.16-a0-4004-g8d6611c (webtiles) character file.

8638 Econoterrorist the Slicer (level 11, -1/76 HPs)
             Began as a Kobold Berserker on Feb 14, 2015.
             Was a High Priest of Trog.
             Slain by a yak (12 damage)
             ... on level 10 of the Dungeon on Feb 15, 2015.
             The game lasted 00:56:24 (15524 turns).

Econoterrorist the Slicer (Kobold Berserker)       Turns: 15524, Time: 00:56:25

Health: -1/76      AC: 11    Str: 14    XL:     11   Next: 59%
Magic:  3/3        EV: 14    Int:  5    God:    Trog [*****.]
Gold:   353        SH:  0    Dex: 17    Spells: 0 memorised, 10 levels left

rFire  + . .     SeeInvis +     J - +1 rapier (antimagic)
rCold  + . .     Clarity  +     w - +1 ring mail (curse)
rNeg   + . .     SustAb   .     (no shield)
rPois  .         Gourm    .     (no helmet)
rElec  .         Spirit   .     b - +1 cloak
rCorr  .         Warding  .     a - +0 pair of gloves
rMut   .         Stasis   .     (no boots)
MR     +++..                    D - amulet of clarity
Stlth  +.........               B - ring "Smax" {rF+ rC+ rN+ MR+ Str-4 SInv}
                                (no ring)

@: about to teleport, regenerating, extremely resistant to hostile enchantments,
very unstealthy
A: carnivore 3
a: Burn Spellbooks, Berserk, Trog's Hand, Brothers in Arms, Renounce Religion


You were on level 10 of the Dungeon.
You worshipped Trog.
Trog was extremely pleased with you.
You were completely stuffed.

You visited 2 branches of the dungeon, and saw 11 of its levels.

You collected 693 gold pieces.
You spent 340 gold pieces at shops.

Inventory:

Hand weapons
 t - a +0 dagger of venom
 E - a +4 dagger of chaos
 J - a +1 antimagic rapier (weapon)
Armour
 a - a +0 pair of gloves (worn)
 b - a +1 cloak (worn)
 w - a cursed +1 ring mail (worn)
Jewellery
 i - an uncursed amulet of guardian spirit
 u - an uncursed amulet of resist corrosion
 v - an uncursed ring of flight
 B - the ring "Smax" (right hand) {rF+ rC+ rN+ MR+ Str-4 SInv}
   (You bought it in a shop on level 7 of the Dungeon)

   [ring of protection from cold]

   It affects your strength (-4).
   It protects you from fire.
   It protects you from cold.
   It protects you from negative energy.
   It affects your resistance to hostile enchantments.
   It enhances your eyesight.
 D - an amulet of clarity (around neck)
Magical devices
 A - a wand of digging (24)
 H - a wand of teleportation (0)
 I - a wand of fire (0)
 K - a wand of teleportation (1)
Scrolls
 h - a scroll of torment {unknown}
 k - 6 scrolls of identify
 l - 5 scrolls of enchant weapon
 C - a scroll of recharging
 F - 5 scrolls of remove curse
Potions
 d - 2 potions of might {unknown}
 f - a potion of brilliance {unknown}
 g - 2 potions of haste {unknown}
 j - 2 potions of restore abilities {unknown}
 m - 3 potions of magic
 n - 2 potions of cancellation {unknown}
 p - 2 potions of heal wounds {unknown}
 r - 2 potions of berserk rage {unknown}
 s - 3 potions of curing
 x - a potion of experience {unknown}
 z - 3 potions of agility {unknown}
Books
 y - a book of Transfigurations

   Spells                             Type                      Level
   a - Stoneskin                      Transmutation/Earth          2
   b - Irradiate                      Conjuration/Transmutation    5
   c - Statue Form                    Transmutation/Earth          6
   d - Hydra Form                     Transmutation                6
   e - Dragon Form                    Transmutation                7
   Trog disapproves of the use of such an item.
Comestibles
 c - 5 meat rations
 o - 5 beef jerkies
 q - a chunk of flesh
 G - 4 slices of pizza


   Skills:
 + Level 11.8 Fighting
 - Level 12.0 Short Blades
 + Level 9.1 Armour
 - Level 2.4 Dodging


You had 10 spell levels left.
You didn't know any spells.

Dungeon Overview and Level Annotations

Branches:
Dungeon (10/15)            Temple (1/1) D:5             Orc (0/4) D:9
   Lair: D:8-11

Altars:
Ashenzari
Cheibriados
Dithmenos
Elyvilon
Fedhas
Gozag
Kikubaaqudgha
Makhleb
Nemelex Xobeh
Okawaru
Qazlal
Ru
Sif Muna
Trog
Vehumet
Xom
Yredelemnul
Zin
The Shining One

Shops:
D:4 (   D:5 :   D:7 *


Innate Abilities, Weirdness & Mutations

You are small and have problems with some larger weapons.
You are carnivorous and can eat meat at any time.


Message History

Evoke which item? (* to show all) (? for menu, Esc to quit)
Zapping:
H - a wand of teleportation {zapped: 3} (will waste charges)
Press: ? - help, Shift-Dir - straight line, f - you Nothing appears to happen.
The yak gores you but does no damage.
Evoke which item? (* to show all) (? for menu, Esc to quit)
Zapping:
K - a wand of teleportation (will waste charges)
Press: ? - help, Shift-Dir - straight line, f - you You feel strangely unstable.
Evoking this partially-identified wand wasted a few charges.
The yak gores you.
* * * LOW HITPOINT WARNING * * *
Use which ability? (? or * to list)
Your skin crawls.
You feel resistant to hostile enchantments.
You feel slightly less full. The yak gores you!
* * * LOW HITPOINT WARNING * * *
You hit the yak but do no damage.
The yak is heavily wounded.
The yak gores you!
You die...

...# ##........##........##
...###.........#..........#
.....##........##........##
.................#########
.....#######..#.Y##.##
.......# ##........#
.......# ####YY...#
.......# #Y#...# ....##.#
#@#...# #..## ## ####.##
#### ###


You could see 4 yaks.

Vanquished Creatures
  The ghost of xsansara the Spear-Bearer, an experienced CeHu of Ashenzari (D:7)
  A hill giant (D:10)
  Joseph (D:8)
  Psyche (D:8)
  A gargoyle (D:9)
  A blink frog (shapeshifter) (D:9)
  3 yaks (D:9)
  Eustachio (D:5)
  A hungry ghost (D:10)
  A porcupine (D:10)
  A necrophage (D:6)
  3 sky beasts
  5 ice beasts
  4 orc warriors
  A swamp drake (D:9)
  8 ogres
  5 centaurs
  2 black bears
  A phantom (D:4)
  A big kobold (D:8)
  3 giant frogs
  4 scorpions
  10 killer bees
  4 wights (D:6)
  2 quasits
  A giant frog zombie (D:7)
  A jelly (D:10)
  A giant frog skeleton (D:10)
  A centaur zombie (D:9)
  5 crimson imps
  Crazy Yiuf (D:3)
  2 centaur skeletons
  7 orc priests
  5 hounds
  19 orc wizards
  6 worker ants
  3 iguanas
  A killer bee zombie (D:9)
  A hound zombie (D:6)
  A hound skeleton (D:7)
  A mummy (D:10)
  4 gnolls (D:5)
  2 worker ant zombies
  16 adders
  A shadow imp (D:7)
  A giant mite (D:6)
  3 worms
  2 adder skeletons
  8 giant geckos
  44 orcs
  12 bats
  3 bat skeletons
  A bat zombie (D:8)
  4 giant cockroaches
  16 hobgoblins
  8 jackals
  7 quokkas
  A ball python (D:1)
  A giant gecko skeleton (D:7)
  3 giant newts
  9 goblins
  20 kobolds
  A quokka zombie (D:7)
  14 rats
303 creatures vanquished.

Vanquished Creatures (collateral kills)
  An orc (D:9)
1 creature vanquished.

Vanquished Creatures (others)
  An iguana (D:5)
  An orc (D:9)
  A bat (D:5)
  A quokka (D:7)
4 creatures vanquished.

Grand Total: 308 creatures vanquished

Notes
Turn   | Place    | Note
--------------------------------------------------------------
     0 | D:1      | Econoterrorist, the Kobold Berserker, began the quest for the Orb.
     0 | D:1      | Reached XP level 1. HP: 14/14 MP: 1/1
   379 | D:1      | Reached XP level 2. HP: 19/19 MP: 2/2
   632 | D:1      | Reached skill level 5 in Short Blades
   784 | D:1      | Reached XP level 3. HP: 23/23 MP: 3/3
  1340 | D:2      | Acquired Trog's second power
  1558 | D:2      | Reached skill level 6 in Short Blades
  1558 | D:2      | Reached XP level 4. HP: 19/28 MP: 4/4
  1709 | D:2      | Found a glowing golden altar of the Shining One.
  2239 | D:3      | Noticed an ogre
  2249 | D:3      | Killed an ogre
  2249 | D:3      | Reached skill level 7 in Short Blades
  2249 | D:3      | Reached XP level 5. HP: 32/32 MP: 5/5
  2272 | D:3      | Reached skill level 8 in Short Blades
  2346 | D:3      | Reached XP level 6. HP: 30/37 MP: 6/6
  3296 | D:3      | Noticed Crazy Yiuf
  3303 | D:3      | Killed Crazy Yiuf
  4053 | D:4      | Reached skill level 9 in Short Blades
  4053 | D:4      | Reached XP level 7. HP: 23/43 MP: 5/7
  4224 | D:4      | Got a slimy leather armour
  4242 | D:4      | Identified the cursed -3 leather armour "Ziaqapt" {Int+4} (You found it on level 4 of the Dungeon)
  4295 | D:4      | Found Aneafam's Weapon Shoppe.
  4834 | D:4      | Found a shattered altar of Ashenzari.
  4834 | D:4      | Found a deep blue altar of Sif Muna.
  4835 | D:4      | Found a blossoming altar of Fedhas.
  4923 | D:5      | Entered Level 5 of the Dungeon
  4958 | D:5      | Found Giora's Book Boutique.
  5030 | D:5      | Noticed Eustachio
  5039 | D:5      | Killed Eustachio
  5186 | D:5      | Reached skill level 10 in Short Blades
  5186 | D:5      | Reached XP level 8. HP: 25/48 MP: 2/8
  5687 | D:5      | Found a staircase to the Ecumenical Temple.
  5691 | Temple   | Entered the Ecumenical Temple
  5984 | D:5      | Found a bloodstained altar of Trog.
  6043 | D:5      | Acquired Trog's third power
  6223 | D:5      | Reached skill level 5 in Fighting
  6377 | D:6      | Received a gift from Trog
  6687 | D:6      | Reached skill level 11 in Short Blades
  6989 | D:6      | Reached XP level 9. HP: 55/55 MP: 9/9
  7336 | D:6      | Reached skill level 12 in Short Blades
  8259 | D:6      | Reached skill level 5 in Armour
  9364 | D:7      | Found a stormy altar of Qazlal.
  9633 | D:7      | Reached XP level 10. HP: 39/64 MP: 10/10
  9989 | D:7      | Found Qagac's Assorted Antiques.
 10011 | D:7      | Bought a crude bone ring for 170 gold pieces
 10011 | D:7      | Bought a scroll labeled GRAYD ADWUT for 34 gold pieces
 10011 | D:7      | Bought a scroll labeled OGIHACE DIUTU for 34 gold pieces
 10011 | D:7      | Bought a scroll labeled STUHENO HILAF for 34 gold pieces
 10011 | D:7      | Bought 2 scrolls labeled MEARHY KHUNKE for 68 gold pieces
 10028 | D:7      | Identified the ring "Smax" {rF+ rC+ rN+ MR+ Str-4 SInv} (You bought it in a shop on level 7 of the Dungeon)
 10086 | D:7      | Found an opulent altar of Gozag.
 10087 | D:7      | Found a shimmering altar of Xom.
 10532 | D:7      | Noticed xsansara's ghost (experienced CeHu)
 10563 | D:7      | Killed xsansara's ghost
 11082 | D:7      | Found a white marble altar of Elyvilon.
 11646 | D:8      | Noticed Psyche
 11657 | D:8      | Killed Psyche
 12157 | D:8      | Reached skill level 10 in Fighting
 12385 | D:8      | Noticed Joseph
 12404 | D:8      | Killed Joseph
 12643 | D:8      | Reached XP level 11. HP: 73/73 MP: 11/11
 13176 | D:9      | Found a snail-covered altar of Cheibriados.
 13300 | D:9      | Found a burning altar of Makhleb.
 13935 | D:9      | Upgraded the game from 0.16-a0-4002-g2d13b8e to 0.16-a0-4004-g8d6611c
 14061 | D:9      | Found a staircase to the Orcish Mines.
 14500 | D:10     | Entered Level 10 of the Dungeon
 15250 | D:10     | Received a gift from Trog
 15382 | D:10     | Noticed a hill giant
 15394 | D:10     | Killed a hill giant
 15524 | D:10     | Slain by a yak

Action                   |  1- 3 |  4- 6 |  7- 9 | 10-12 || total
-------------------------+-------+-------+-------+-------++-------
Melee: Short sword       |   123 |   268 |   393 |       ||   784
       Dagger            |       |       |   173 |   717 ||   890
       Rapier            |       |       |       |    36 ||    36
Throw: Throwing net      |       |       |     1 |       ||     1
Invok: Berserk           |       |     2 |    13 |     8 ||    23
       Trog's Hand       |       |       |       |     1 ||     1
Evoke: Wand              |       |       |     2 |     4 ||     6
  Use: Scroll            |       |       |     8 |     7 ||    15
       Potion            |       |       |     1 |     1 ||     2
 Stab: Sleeping          |       |     1 |     6 |       ||     7
       Confused          |       |       |     2 |     3 ||     5
       Paralysed         |       |       |       |     6 ||     6
       Fleeing           |       |       |       |     1 ||     1
       Distracted        |       |       |       |     1 ||     1
       Petrifying        |       |       |       |     1 ||     1
  Eat: Chunk             |     8 |    10 |    27 |    33 ||    78
